| TOP OF THE 1ST |
|
El Paso Chihuahuas batting - Pitching for Lehigh Valley IronPigs : LHP Phuck II
|
|
Pitching: LHP Phuck II
|
|
|
Batting: RHB Steve Martin
|
0-0: Ball 1-0: Ball 2-0: Ball 3-0: Called Strike 3-1: Base on Balls
|
|
Batting: RHB Antonio Medina
|
0-0: Foul Ball, location: 2F 0-1: Called Strike 0-2: Ball 1-2: Foul Ball, location: 2F 1-2: Foul Ball, location: 2F 1-2: Ball 2-2: Foul Ball, location: 2F 2-2: Foul Ball, location: 2F 2-2: Foul Ball, location: 2F 2-2: Foul Ball, location: 2F 2-2: Ball 3-2: Base on Balls Steve Martin to second
|
|
Batting: SHB Adam Martin
|
0-0: Ball Steve Martin is caught stealing 3rd base 2-5 Antonio Medina to second 1-0: Ball 2-0: Ball 3-0: Base on Balls
|
|
Batting: RHB Danny Bunn
|
0-0: Called Strike 0-1: Ball 1-1: Foul Ball, location: 2F 1-2: Ball 2-2: Strikes out swinging
|
|
Batting: SHB Troy Maynard
|
0-0: Ball 1-0: Ball 2-0: Foul Ball, location: 2F 2-1: Ball 3-1: Swinging Strike 3-2: Strikes out swinging
|
| Top of the 1st over - 0 runs, 0 hits, 0 errors, 2 left on base; El Paso 0 - Lehigh Valley 0 |
| BOTTOM OF THE 1ST |
|
Lehigh Valley IronPigs batting - Pitching for El Paso Chihuahuas : LHP Blaine Whitmore
|
|
Pitching: LHP Blaine Whitmore
|
|
|
Batting: RHB Mitch Boyd
|
0-0: Called Strike 0-1: Ball 1-1: Foul Ball, location: 2F 1-2: SINGLE (Line Drive, 4D, EV 103.8 MPH)
|
|
Batting: LHB Osamu Kubo
|
0-0: Ball Mitch Boyd steals 2nd base (no throw) 1-0: Called Strike 1-1: Called Strike 1-2: Foul Ball, location: 2F 1-2: Ball 2-2: Ball 3-2: SINGLE (Groundball, 34S, EV 61.2 MPH) (infield hit) Mitch Boyd to third
|
|
Batting: RHB Chris Pounds
|
0-0: Called Strike 0-1: Ball Pickoff Throw to First - Error! E1 Mitch Boyd scores Osamu Kubo to second 1-1: Foul Ball, location: 2F 1-2: Strikes out swinging
|
|
Batting: LHB Danny Hill
|
0-0: Ball 1-0: Foul Ball, location: 2F 1-1: Foul Ball, location: 2F 1-2: Reached on error, E6 (Groundball, 6M, EV 103.1 MPH) Osamu Kubo to third
|
|
Batting: SHB Benjamin Brown
|
0-0: Ball 1-0: Called Strike 1-1: Swinging Strike 1-2: Ball 2-2: Strikes out looking
|
|
Batting: LHB Jose Carlos
|
0-0: Foul Ball, location: 2F Balk! Osamu Kubo scores Danny Hill to second 0-1: SINGLE (Flyball, 78S, EV 98.8 MPH) Danny Hill to third Runner from 3rd tries for Home, SAFE, throw by CF to home
|
|
Batting: RHB Kyle Reilly
|
0-0: Ball 1-0: Ball 2-0: Foul Ball, location: 2F 2-1: Fielders Choice at 2nd, 6-4 (Groundball, 6D, EV 102.5 MPH)
|
| Bottom of the 1st over - 3 runs, 3 hits, 2 errors, 1 left on base; El Paso 0 - Lehigh Valley 3 |
| TOP OF THE 2ND |
|
El Paso Chihuahuas batting - Pitching for Lehigh Valley IronPigs : LHP Phuck II
|
|
Batting: RHB Juan Martinez
|
0-0: Foul Ball, location: 2F 0-1: Fly out, F8 (Line Drive, 8RM, EV 100.0 MPH)
|
|
Batting: SHB Devin Hottenstein
|
0-0: Swinging Strike 0-1: Ball 1-1: Ground out U3 (Groundball, 34, EV 103.1 MPH)
|
|
Batting: RHB Mike Maserang
|
0-0: Called Strike 0-1: Ball 1-1: Swinging Strike 1-2: Ball 2-2: Strikes out looking
|
| Top of the 2nd over - 0 runs, 0 hits, 0 errors, 0 left on base; El Paso 0 - Lehigh Valley 3 |
| BOTTOM OF THE 2ND |
|
Lehigh Valley IronPigs batting - Pitching for El Paso Chihuahuas : LHP Blaine Whitmore
|
|
Batting: RHB Luis Arce
|
0-0: Foul Ball, location: 2F 0-1: Ball 1-1: Ball 2-1: Ground out 1-3 (Groundball, 15S, EV 66.2 MPH)
|
|
Batting: SHB Bob Dixon
|
0-0: Ball 1-0: Called Strike 1-1: Ball 2-1: Fly out, F9 (Line Drive, 9D, EV 83.8 MPH)
|
|
Batting: RHB Mitch Boyd
|
0-0: Ball 1-0: Ball 2-0: Ball 3-0: Base on Balls
|
|
Batting: LHB Osamu Kubo
|
0-0: Ball Mitch Boyd is caught stealing 2nd base 2-6
|
| Bottom of the 2nd over - 0 runs, 0 hits, 0 errors, 0 left on base; El Paso 0 - Lehigh Valley 3 |
| TOP OF THE 3RD |
|
El Paso Chihuahuas batting - Pitching for Lehigh Valley IronPigs : LHP Phuck II
|
|
Batting: RHB Kiril Emeshin
|
0-0: Ball 1-0: Swinging Strike 1-1: Ball 2-1: Fly out, F4 (Line Drive, 4D, EV 76.2 MPH)
|
|
Batting: RHB Steve Martin
|
0-0: Ball 1-0: Foul Ball, location: 2F 1-1: Ball 2-1: Foul Ball, location: 2F 2-2: Fly out, F8 (Flyball, 89D, EV 105.0 MPH)
|
|
Batting: RHB Antonio Medina
|
0-0: Called Strike 0-1: Foul Ball, location: 2F 0-2: Ball 1-2: Foul Ball, location: 2F 1-2: Ball 2-2: Strikes out swinging
|
| Top of the 3rd over - 0 runs, 0 hits, 0 errors, 0 left on base; El Paso 0 - Lehigh Valley 3 |
| BOTTOM OF THE 3RD |
|
Lehigh Valley IronPigs batting - Pitching for El Paso Chihuahuas : LHP Blaine Whitmore
|
|
Batting: LHB Osamu Kubo
|
0-0: Ball 1-0: Foul Ball, location: 2F 1-1: Fly out, F8 (Flyball, 8RD, EV 90.6 MPH)
|
|
Batting: RHB Chris Pounds
|
0-0: Ball 1-0: Swinging Strike 1-1: SINGLE (Line Drive, 34D, EV 98.1 MPH)
|
|
Batting: LHB Danny Hill
|
0-0: Ball 1-0: Fielders Choice at 2nd, 5-4 (Groundball, 56, EV 86.9 MPH)
|
|
Batting: SHB Benjamin Brown
|
0-0: Ball Danny Hill steals 2nd base 1-0: Fly out, F8 (Line Drive, 8LD, EV 91.9 MPH)
|
| Bottom of the 3rd over - 0 runs, 1 hit, 0 errors, 1 left on base; El Paso 0 - Lehigh Valley 3 |
| TOP OF THE 4TH |
|
El Paso Chihuahuas batting - Pitching for Lehigh Valley IronPigs : LHP Phuck II
|
|
Batting: SHB Adam Martin
|
0-0: Foul Ball, location: 2F 0-1: SINGLE (Line Drive, 4MD, EV 107.5 MPH)
|
|
Batting: RHB Danny Bunn
|
0-0: Ball 1-0: Called Strike 1-1: Ball 2-1: Called Strike 2-2: SINGLE (Groundball, 6MD, EV 97.5 MPH) Adam Martin to second
|
|
Batting: SHB Troy Maynard
|
0-0: Ball 1-0: Swinging Strike 1-1: Foul Ball, location: 2F 1-2: Ball 2-2: DOUBLE (Groundball, 5L, EV 101.9 MPH) Adam Martin scores Danny Bunn to third Runner from 3rd tries for Home, SAFE, throw by LF to home
|
|
Batting: RHB Juan Martinez
|
0-0: Foul Ball, location: 2F 0-1: Ball 1-1: SINGLE (Flyball, 9LM, EV 90.0 MPH) Troy Maynard to third
|
|
Batting: SHB Devin Hottenstein
|
0-0: Ball 1-0: Called Strike Juan Martinez is caught stealing 2nd base 2-4 1-1: Foul Ball, location: 2F 1-2: Reached on error, E5 (Groundball, 56, EV 102.5 MPH) Troy Maynard scores
|
|
Batting: RHB Mike Maserang
|
0-0: Called Strike 0-1: Swinging Strike 0-2: Ball 1-2: Strikes out swinging
|
|
Batting: RHB Kiril Emeshin
|
0-0: Fly out, F9 (Flyball, 9, EV 83.8 MPH)
|
| Top of the 4th over - 3 runs, 4 hits, 1 error, 1 left on base; El Paso 3 - Lehigh Valley 3 |
| BOTTOM OF THE 4TH |
|
Lehigh Valley IronPigs batting - Pitching for El Paso Chihuahuas : LHP Blaine Whitmore
|
|
Batting: LHB Jose Carlos
|
0-0: Swinging Strike 0-1: Swinging Strike 0-2: Ball 1-2: Foul Ball, location: 2F 1-2: Strikes out looking
|
|
Batting: RHB Kyle Reilly
|
0-0: Ball 1-0: Ball 2-0: Foul Ball, location: 2F 2-1: Foul Ball, location: 2F 2-2: Strikes out swinging
|
|
Batting: RHB Luis Arce
|
0-0: Ball 1-0: Swinging Strike 1-1: Called Strike 1-2: Strikes out swinging
|
| Bottom of the 4th over - 0 runs, 0 hits, 0 errors, 0 left on base; El Paso 3 - Lehigh Valley 3 |
| TOP OF THE 5TH |
|
El Paso Chihuahuas batting - Pitching for Lehigh Valley IronPigs : LHP Phuck II
|
|
Batting: RHB Steve Martin
|
0-0: Called Strike 0-1: Swinging Strike 0-2: Ball 1-2: Foul Ball, location: 2F 1-2: Ground out 4-3 (Groundball, 4M, EV 79.4 MPH)
|
|
Batting: RHB Antonio Medina
|
0-0: Ball 1-0: Ball 2-0: Called Strike 2-1: Foul Ball, location: 2F 2-2: Ball 3-2: Foul Ball, location: 2F 3-2: Fly out, F7 (Flyball, 7LSF, EV 88.8 MPH)
|
|
Batting: SHB Adam Martin
|
0-0: Swinging Strike 0-1: Swinging Strike 0-2: Strikes out swinging
|
| Top of the 5th over - 0 runs, 0 hits, 0 errors, 0 left on base; El Paso 3 - Lehigh Valley 3 |
| BOTTOM OF THE 5TH |
|
Lehigh Valley IronPigs batting - Pitching for El Paso Chihuahuas : LHP Blaine Whitmore
|
|
Batting: SHB Bob Dixon
|
0-0: Ball 1-0: Foul Ball, location: 2F 1-1: Ball 2-1: Ball 3-1: Swinging Strike 3-2: SINGLE (Groundball, 34D, EV 105.6 MPH)
|
|
Batting: RHB Mitch Boyd
|
0-0: Ball 1-0: Called Strike 1-1: Foul Ball, location: 2F 1-2: Fly out, F9 (Line Drive, 89S, EV 98.1 MPH)
|
|
Batting: LHB Osamu Kubo
|
0-0: Ball 1-0: Fly out, F9 (Flyball, 89M, EV 95.6 MPH)
|
|
Batting: RHB Chris Pounds
|
0-0: Ball 1-0: Foul Ball, location: 2F 1-1: Ball 2-1: Ball 3-1: Base on Balls Bob Dixon to second
|
|
Batting: LHB Danny Hill
|
0-0: Swinging Strike 0-1: Foul Ball, location: 2F 0-2: SINGLE (Flyball, 9S, EV 91.9 MPH) Bob Dixon to third Chris Pounds to second
|
|
Batting: SHB Benjamin Brown
|
0-0: Called Strike 0-1: Swinging Strike 0-2: Strikes out looking
|
| Bottom of the 5th over - 0 runs, 2 hits, 0 errors, 3 left on base; El Paso 3 - Lehigh Valley 3 |
| TOP OF THE 6TH |
|
El Paso Chihuahuas batting - Pitching for Lehigh Valley IronPigs : LHP Phuck II
|
|
Batting: RHB Danny Bunn
|
0-0: Swinging Strike 0-1: Ball 1-1: Fly out, F9 (Flyball, 9S, EV 88.8 MPH)
|
|
Batting: SHB Troy Maynard
|
0-0: Called Strike 0-1: Ball 1-1: Foul Ball, location: 2F 1-2: Ball 2-2: Foul Ball, location: 2F 2-2: Ball 3-2: Fly out, F8 (Flyball, 8RD, EV 97.5 MPH)
|
|
Batting: RHB Juan Martinez
|
0-0: SINGLE (Groundball, 6S, EV 69.4 MPH) (infield hit)
|
|
Pitching: RHP Ben Clayton
|
|
|
Batting: SHB Devin Hottenstein
|
0-0: Called Strike 0-1: Ball 1-1: Ball Juan Martinez is caught stealing 2nd base 2-6
|
| Top of the 6th over - 0 runs, 1 hit, 0 errors, 0 left on base; El Paso 3 - Lehigh Valley 3 |
| BOTTOM OF THE 6TH |
|
Lehigh Valley IronPigs batting - Pitching for El Paso Chihuahuas : LHP Blaine Whitmore
|
|
Batting: LHB Jose Carlos
|
0-0: Ball 1-0: Called Strike 1-1: Foul Ball, location: 2F 1-2: Ball 2-2: Ball 3-2: Base on Balls
|
|
Pitching: LHP Matt Wojtkiewicz
|
|
|
Batting: RHB Kyle Reilly
|
0-0: Ball 1-0: Foul Ball, location: 2F 1-1: Called Strike 1-2: Ball 2-2: Foul Ball, location: 2F 2-2: Ball 3-2: Strikes out swinging Jose Carlos is caught stealing 2nd base 2-4 Batter strikes out.
|
|
Batting: RHB Luis Arce
|
0-0: Ground out 6-3 (Groundball, 6, EV 90.6 MPH)
|
| Bottom of the 6th over - 0 runs, 0 hits, 0 errors, 0 left on base; El Paso 3 - Lehigh Valley 3 |
| TOP OF THE 7TH |
|
El Paso Chihuahuas batting - Pitching for Lehigh Valley IronPigs : RHP Ben Clayton
|
|
Batting: SHB Devin Hottenstein
|
0-0: Called Strike 0-1: Reached on error, E3 (Groundball, 34S, EV 90.6 MPH)
|
|
Batting: RHB Mike Maserang
|
0-0: Called Strike 0-1: Ball 1-1: Swinging Strike 1-2: Ball 2-2: Ball 3-2: Foul Ball, location: 2F 3-2: Base on Balls
|
|
Pinch Runner at 2nd Itsuo Yoshioka:
|
|
|
Batting: RHB Kiril Emeshin
|
0-0: Bunt missed! 0-1: Bunt missed! 0-2: Ball 1-2: Ball 2-2: Foul Ball, location: 2F 2-2: Ball 3-2: Foul Ball, location: 2F 3-2: Foul Ball, location: 2F 3-2: Foul Ball, location: 2F 3-2: Foul Ball, location: 2F 3-2: Fielders Choice at 2nd, 1-4 (Groundball, P, EV 74.4 MPH) Itsuo Yoshioka to third
|
|
Batting: RHB Steve Martin
|
0-0: Foul Ball, location: 2F 0-1: Called Strike 0-2: Foul Ball, location: 2F 0-2: Ball 1-2: Grounds into double play, 6-4-3 (Groundball, 6M, EV 80.0 MPH)
|
| Top of the 7th over - 0 runs, 0 hits, 1 error, 1 left on base; El Paso 3 - Lehigh Valley 3 |
| BOTTOM OF THE 7TH |
|
Lehigh Valley IronPigs batting - Pitching for El Paso Chihuahuas : LHP Matt Wojtkiewicz
|
|
Now at 1B: Antonio Medina
|
|
|
Now at 3B: Itsuo Yoshioka
|
|
|
Batting: SHB Bob Dixon
|
0-0: Ball 1-0: Ball 2-0: Called Strike 2-1: Foul Ball, location: 2F 2-2: Foul Ball, location: 2F 2-2: SOLO HOME RUN (Flyball, 9D, EV 101.2 MPH), Distance : 390 ft
|
|
Batting: RHB Mitch Boyd
|
0-0: Foul Ball, location: 2F 0-1: Ball 1-1: Ball 2-1: Foul Ball, location: 2F 2-2: Ground out 4-3 (Groundball, 4S, EV 91.9 MPH)
|
|
Batting: LHB Osamu Kubo
|
0-0: Ball 1-0: Swinging Strike 1-1: Ball 2-1: Foul Ball, location: 2F 2-2: Ball 3-2: Strikes out looking
|
|
Batting: RHB Chris Pounds
|
0-0: Ball 1-0: SINGLE (Line Drive, 8RS, EV 94.4 MPH)
|
|
Batting: LHB Danny Hill
|
0-0: Called Strike 0-1: Swinging Strike 0-2: Strikes out swinging
|
| Bottom of the 7th over - 1 run, 2 hits, 0 errors, 1 left on base; El Paso 3 - Lehigh Valley 4 |
| TOP OF THE 8TH |
|
El Paso Chihuahuas batting - Pitching for Lehigh Valley IronPigs : RHP Ben Clayton
|
|
Batting: RHB Antonio Medina
|
0-0: Ball 1-0: Swinging Strike 1-1: Called Strike 1-2: Ball 2-2: Strikes out swinging
|
|
Batting: SHB Adam Martin
|
0-0: Called Strike 0-1: Swinging Strike 0-2: Strikes out swinging
|
|
Batting: RHB Danny Bunn
|
0-0: Foul Ball, location: 2F 0-1: Foul Ball, location: 2F 0-2: Ball 1-2: Foul Ball, location: 2F 1-2: Fly out, F6 (Line Drive, 56, EV 73.8 MPH)
|
| Top of the 8th over - 0 runs, 0 hits, 0 errors, 0 left on base; El Paso 3 - Lehigh Valley 4 |
| BOTTOM OF THE 8TH |
|
Lehigh Valley IronPigs batting - Pitching for El Paso Chihuahuas : LHP Matt Wojtkiewicz
|
|
Pitching: RHP Jadon Martin
|
|
|
Batting: SHB Benjamin Brown
|
0-0: Called Strike 0-1: Swinging Strike 0-2: Ball 1-2: Ball 2-2: Foul Ball, location: 2F 2-2: Fly out, F7 (Flyball, 7, EV 87.5 MPH)
|
|
Batting: LHB Jose Carlos
|
0-0: Called Strike 0-1: Fly out, F2 (Popup, 25F, EV 80.0 MPH)
|
|
Batting: RHB Kyle Reilly
|
0-0: Ball 1-0: SINGLE (Line Drive, 78S, EV 113.8 MPH)
|
|
Batting: RHB Luis Arce
|
0-0: Foul Ball, location: 2F 0-1: Ball Kyle Reilly steals 2nd base 1-1: Ball 2-1: Ball 3-1: Called Strike 3-2: Base on Balls
|
|
Batting: SHB Bob Dixon
|
0-0: Ground out 1-3 (Groundball, 15S, EV 69.4 MPH)
|
| Bottom of the 8th over - 0 runs, 1 hit, 0 errors, 2 left on base; El Paso 3 - Lehigh Valley 4 |
| TOP OF THE 9TH |
|
El Paso Chihuahuas batting - Pitching for Lehigh Valley IronPigs : RHP Ben Clayton
|
|
Pitching: RHP Andy Burchfield
|
|
|
Now at C: Benjamin Brown
|
|
|
Now at 2B: Jake Cox
|
|
|
Now at SS: Mitch Boyd
|
|
|
Batting: SHB Troy Maynard
|
0-0: Swinging Strike 0-1: Called Strike 0-2: Ball 1-2: Ball 2-2: Ground out 4-3 (Groundball, 4M, EV 82.5 MPH)
|
|
Batting: RHB Juan Martinez
|
0-0: Ball 1-0: Ball 2-0: Swinging Strike 2-1: Swinging Strike 2-2: Ball 3-2: Strikes out swinging
|
|
Batting: RHB Itsuo Yoshioka
|
0-0: Ball 1-0: Swinging Strike 1-1: Swinging Strike 1-2: DOUBLE (Line Drive, 9LS, EV 98.8 MPH)
|
|
Batting: RHB Mike Maserang
|
0-0: SINGLE (Groundball, 6MD, EV 95.0 MPH) Itsuo Yoshioka to third
|
|
Batting: RHB Kiril Emeshin
|
0-0: Ball 1-0: Called Strike 1-1: Ball 2-1: Fly out, F8 (Flyball, 8RXD, EV 94.4 MPH)
|
| Top of the 9th over - 0 runs, 2 hits, 0 errors, 2 left on base; El Paso 3 - Lehigh Valley 4 |
|